 Dungeon Crawl Stone Soup version 0.22-b1-59-g0aedee734a (webtiles) character file.

237872 MrSplat the Bewitcher (level 19, -6/168 HPs)
             Began as a Naga Enchanter on Aug 9, 2018.
             Was an Elder of Cheibriados.
             Mangled by a stone giant (34 damage)
             ... on level 2 of the Vaults on Aug 10, 2018.
             The game lasted 02:55:21 (48597 turns).

MrSplat the Bewitcher (Naga Enchanter)             Turns: 48597, Time: 02:55:21

Health: -6/168     AC: 26    Str: 28    XL:     19   Next: 25%
Magic:  19/30      EV: 11    Int: 32    God:    Cheibriados [****..]
Gold:   973        SH: 19    Dex: 23    Spells: 7/30 levels left

rFire    + . .     SeeInvis +   a - +0 dagger (elec)
rCold    . . .     Gourm    .   e - +0 large shield {reflect}
rNeg     . . .     Faith    .   L - +2 robe {Archmagi}
rPois    +         Spirit   .   V - +1 hat "Toz Irghu" {rElec rF+ Str+4 Stlth+}
rElec    +         Reflect  +   F - +1 cloak
rCorr    .         Harm     .   T - +2 pair of gloves {Str+3}
MR       +++..                  J - +1 naga barding
Stlth    ++++++++..             M - amulet of magic regeneration
HPRegen  0.38/turn              o - ring of protection from magic
MPRegen  0.47/turn              p - +4 ring of protection

@: very slow
A: large, see invisible, deformed body, poison resistance, slowness 2, slow
metabolism 1, spit poison 1, constrict 1, AC +6
}: 2/15 runes: decaying, serpentine
a: Spit Poison, Bend Time, Temporal Distortion, Slouch, Renounce Religion


You were on level 2 of the Vaults.
You worshipped Cheibriados.
Cheibriados was greatly pleased with you.
You were not hungry.

You visited 7 branches of the dungeon, and saw 34 of its levels.
You also visited: Sewer.

You collected 3169 gold pieces.
You spent 2196 gold pieces at shops.


Innate Abilities, Weirdness & Mutations

You cannot wear boots.
Your serpentine skin is tough. (AC +6)
You have supernaturally acute eyesight. (SInv)
Armour fits poorly on your strangely shaped body.
Your system is resistant to poisons. (rPois)
You cover ground very slowly.
You have a slow metabolism.
You can spit poison.
You can use your snake-like lower body to constrict enemies.


   Skills:
 - Level 10.0 Fighting
 - Level 12.0 Short Blades
 * Level 5.0 Maces & Flails
 - Level 5.0 Armour
 - Level 6.0 Dodging
 + Level 16.0 Stealth
 + Level 9.2 Shields
 - Level 6.0 Spellcasting
 - Level 7.0 Conjurations
 - Level 16.0 Hexes
 - Level 7.0 Summonings
 - Level 5.0 Translocations
 - Level 6.0 Ice Magic
 - Level 15.0 Invocations


You had 7 spell levels left.
You knew the following spells:

 Your Spells              Type           Power        Failure   Level  Hunger
b - Blink                 Tloc           N/A          3%          2    None
c - Confuse               Hex            ########     1%          3    None
d - Dazzling Spray        Conj/Hex       ######       1%          3    None
f - Fulminant Prism       Conj/Hex       #######...   1%          4    ##.....
j - Summon Mana Viper     Hex/Summ       #######.     3%          5    #####..
p - Apportation           Tloc           ######       1%          1    None
s - Ensorcelled Hibernat  Hex/Ice        ######       1%          2    None
x - Tukima's Dance        Hex            ########     1%          3    None

Your spell library contained the following spells:

 Spells                   Type           Power        Failure   Level  Hunger
 Magic Dart               Conj           ####         1%          1    None
 Fireball                 Conj/Fire      #####.....   71%         5    #####..
 Conjure Flame            Conj/Fire      #####...     11%         3    None
 Slow                     Hex            ########     1%          2    None
 Throw Flame              Conj/Fire      #####.       5%          2    None
 Freezing Cloud           Conj/Ice/Air   ######....   99%         6    ######.
 Mephitic Cloud           Conj/Pois/Air  #####...     19%         3    None
 Ring of Flames           Chrm/Fire      ##........   100%        7    #######
 Summon Small Mammal      Summ           ####         1%          1    None
 Iskenderun's Mystic Bla  Conj           ######..     9%          4    ##.....
 Summon Horrible Things   Summ           ######....   100%        8    #######
 Animate Skeleton         Necr           N/A          16%         1    None
 Sticky Flame             Conj/Fire      #####...     36%         4    ##.....
 Call Imp                 Summ           ######..     1%          2    None
 Sublimation of Blood     Necr           ##........   24%         2    None
 Summon Demon             Summ           ######....   24%         5    #####..
 Summon Greater Demon     Summ           ######....   100%        7    #######
 Stone Arrow              Conj/Erth      #####.       11%         3    None
 Recall                   Summ/Tloc      N/A          4%          3    None
 Spider Form              Tmut/Pois      ##........   43%         3    None
 Blade Hands              Tmut           ##........   99%         5    #####..
 Statue Form              Tmut/Erth      ##.......    100%        6    ######.
 Ice Form                 Ice/Tmut       #####...     41%         4    ##.....
 Dragon Form              Tmut           ##........   100%        7    #######
 Shadow Creatures         Summ           N/A          80%         6    ######.
 Confusing Touch          Hex            ######       1%          1    None
 Flame Tongue             Conj/Fire      #####        3%          1    None
 Passwall                 Tmut/Erth      ##......     24%         2    None
 Ignite Poison            Fire/Tmut/Pois ##......     43%         3    None
 Sticks to Snakes         Tmut           ##......     24%         2    None
 Corona                   Hex            #######      1%          1    None
 Alistair's Intoxication  Tmut/Pois      ##......     99%         5    #####..
 Lee's Rapid Deconstruct  Erth           ##........   99%         5    #####..
 Sandblast                Erth           ##....       16%         1    None
 Monstrous Menagerie      Summ           ######....   100%        7    #######
 Petrify                  Tmut/Erth      ##......     83%         4    ##.....
 Malign Gateway           Summ/Tloc      ######....   100%        7    #######
 Inner Flame              Hex/Fire       ######..     1%          3    None
 Aura of Abjuration       Summ           ######....   24%         5    #####..
 Beastly Appendage        Tmut           ##....       16%         1    None
 Force Lance              Conj/Tloc      ######..     13%         4    ##.....
 Searing Ray              Conj           ######       1%          2    None
 Summon Forest            Summ/Tloc      ######....   36%         5    #####..
 Hydra Form               Tmut           ##........   100%        6    ######.
 Irradiate                Conj/Tmut      #####.....   71%         5    #####..
 Poisonous Vapours        Pois/Air       ##....       24%         2    None

Inventory:

Hand Weapons
 a - a +0 dagger of electrocution (weapon)
   (You took it off a goblin on level 4 of the Dungeon)
 b - a +6 demon whip of electrocution
   (You acquired it on level 3 of the Swamp)
 w - a +5 eveningstar of holy wrath
   (You took it off Louise on level 4 of the Swamp)
Missiles
 t - 4 throwing nets {=f}
Armour
 e - a +0 large shield of reflection (worn)
   (You took it off Louise on level 4 of the Swamp)
 F - a +1 cloak (worn)
   (You found it on level 4 of the Dungeon)
 J - a +1 naga barding (worn)
   (You found it on level 9 of the Dungeon)
 L - a +2 robe of the Archmagi (worn)
   (You took it off an orc sorcerer on level 2 of the Orcish Mines)
 T - a +2 pair of gloves of strength (worn)
   (You bought it in a shop on level 2 of the Orcish Mines)
 V - the +1 hat "Toz Irghu" (worn) {rElec rF+ Str+4 Stlth+}
   (You found it on level 2 of the Orcish Mines)

   It affects your strength (+4).
   It protects you from fire.
   It insulates you from electricity.
   It makes you more stealthy.
 Y - a +2 robe of cold resistance
   (You took it off an orc sorcerer on level 2 of the Orcish Mines)
Jewellery
 f - a ring of the Octopus King {rF+ AC+1 EV+1 Str+1 Int+1 Dex+1}
   (You found it on level 3 of the Snake Pit)

   [ring of protection from fire]

   It affects your AC (+1).
   It affects your evasion (+1).
   It affects your strength (+1).
   It affects your intelligence (+1).
   It affects your dexterity (+1).
   It protects you from fire.
 o - a ring of protection from magic (left hand)
   (You found it on level 3 of the Snake Pit)
 p - a +4 ring of protection (right hand)
   (You found it on level 11 of the Dungeon)
 M - an amulet of magic regeneration (around neck)
   (You found it on level 4 of the Dungeon)
 R - the ring of Benevolence {rCorr rF+}
   (You bought it in a shop on level 15 of the Dungeon)

   [ring of resist corrosion]

   It protects you from fire.
Wands
 g - a wand of iceblast (30) {@v5}
   (You found it on level 4 of the Lair of Beasts)
 x - a wand of scattershot (2) {@v2}
   (You found it on level 1 of the Lair of Beasts)
 C - a wand of acid (5) {@v3}
   (You found it on level 1 of the Lair of Beasts)
 X - a wand of clouds (5) {@v4}
   (You found it on level 15 of the Dungeon)
Scrolls
 i - a scroll of summoning
 j - 11 scrolls of remove curse {@r2}
 l - a scroll of silence {!r}
 n - a scroll of holy word
 s - 17 scrolls of identify {@r1}
 u - 6 scrolls of teleportation {@r4}
 v - a scroll of fear
 y - a scroll of fog
 E - 2 scrolls of vulnerability {!r}
 N - 12 scrolls of immolation {!r}
 Q - 9 scrolls of magic mapping {@r3}
 Z - 5 scrolls of blinking {@r6}
Potions
 r - 7 potions of cancellation
 z - 8 potions of heal wounds {@q2}
 A - 8 potions of curing {@q1}
 G - 3 potions of agility
 K - a potion of might
 O - 5 potions of flight
 P - 2 potions of brilliance
 S - 4 potions of magic
 U - 3 potions of ambrosia
 W - a potion of mutation {!q}
Miscellaneous
 k - a box of beasts
Comestibles
 d - 36 rations {@e1}
 I - 5 chunks of flesh

Dungeon Overview and Level Annotations

Branches:
Dungeon (15/15)            Temple (1/1) D:5            Lair (6/6) D:9
  Swamp (4/4) Lair:3        Snake (4/4) Lair:3        Slime (0/5) Lair:5
    Orc (2/2) D:9             Elf (0/3) Orc:2        Vaults (2/5) D:13
 Depths (0/5) D:15
  Crypt: Vaults:2-3

Altars:
Ashenzari
Cheibriados
Dithmenos
Elyvilon
Fedhas
Gozag
Hepliaklqana
Kikubaaqudgha
Makhleb
Nemelex Xobeh
Okawaru
Qazlal
Ru
Sif Muna
Trog
Uskayaw
Vehumet
Wu Jian
Xom
Yredelemnul
Zin
The Shining One

Shops:
D:8 *   D:9 (   D:15 =*   Orc:2 *=[?   Snake:1 (   Snake:4 (

Portals:
Trove: D:11 (give +4 demon trident)

...# #...# #
#...#++#.
+....... ###
....... #.?# ##.
....##...#
####..###..#....#
#....##(##Cp..(.#
#....#...#@#....#
#....'.).+.##.p.#
#....#...#..##.!#
+....##.##...####
####..###.......#
##...........#
##.......####
+#.....##..#
##...##..(#


You could see a stone giant and a vault warden.


Message History

The stone giant hits you!
The vault warden shouts!
You take 14 damage, and have 148/168 hp.
You hit the stone giant but do no damage.
Lightning courses through the stone giant!
The stone giant is lightly wounded.
Casting: Summon Mana Viper (safe; 3% risk of failure)
Confirm with . or Enter, or press ? or * to list all spells.
Aiming: Dazzling Spray (safe; 1% risk of failure)
Press: ? - help, Shift-Dir - straight line, f - stone giant
Aim: a stone giant (lightly wounded)
You feel a surge of power!
The spray of energy hits the stone giant.
The stone giant is moderately wounded.
The spray of energy hits the vault warden.
The vault warden is lightly wounded.
You block the stone giant's attack.
The vault warden hits you but does no damage.
You now have 27/30 mp.
Casting: Dazzling Spray (safe; 1% risk of failure)
Confirm with . or Enter, or press ? or * to list all spells.
Aiming: Dazzling Spray (safe; 1% risk of failure)
Press: ? - help, Shift-Dir - straight line, f/p - stone giant
Aim: a stone giant (moderately wounded)
You feel a surge of power!
The spray of energy hits the stone giant.
The stone giant is moderately wounded.
The spray of energy hits the vault warden.
The vault warden is lightly wounded.
You block the stone giant's attack.
The vault warden hits you with a bardiche!!!
You take 36 damage, and have 113/168 hp.
MASSIVE DAMAGE!!
You now have 25/30 mp.
Casting: Dazzling Spray (safe; 1% risk of failure)
Confirm with . or Enter, or press ? or * to list all spells.
Aiming: Dazzling Spray (safe; 1% risk of failure)
Press: ? - help, Shift-Dir - straight line, f/p - stone giant
Aim: a stone giant (moderately wounded)
You feel a surge of power!
The spray of energy hits the stone giant.
The stone giant is moderately wounded.
The spray of energy hits the vault warden.
The vault warden is lightly wounded.
The stone giant completely misses you.
You now have 22/30 mp.
Casting: Dazzling Spray (safe; 1% risk of failure)
Confirm with . or Enter, or press ? or * to list all spells.
Aiming: Dazzling Spray (safe; 1% risk of failure)
Press: ? - help, Shift-Dir - straight line, f/p - stone giant
Aim: a stone giant (moderately wounded)
You feel a surge of power!
The spray of energy hits the stone giant.
The stone giant is heavily wounded.
The spray of energy hits the vault warden.
The vault warden is moderately wounded.
The vault warden is dazzled.
You block the stone giant's attack. You block the vault warden's attack.
You now have 20/30 mp.
You hit the vault warden.
Lightning courses through the vault warden!
You grab the vault warden.
The vault warden is heavily wounded.
You constrict the vault warden, but do no damage.
You block the stone giant's attack.
The vault warden hits you with a bardiche!
You take 14 damage, and have 100/168 hp.
You hit the vault warden but do no damage.
Lightning courses through the vault warden!
The vault warden is heavily wounded.
You constrict the vault warden. The stone giant hits you!!
You take 35 damage, and have 65/168 hp.
MASSIVE DAMAGE!!
You hit the vault warden.
The vault warden is heavily wounded.
You constrict the vault warden, but do no damage.
You hit the vault warden but do no damage.
The vault warden is heavily wounded.
You constrict the vault warden. You block the stone giant's attack.
The vault warden closely misses you.
You hit the vault warden but do no damage.
The vault warden is severely wounded.
You constrict the vault warden!
The vault warden is no longer blind.
You hit the vault warden.
The vault warden is severely wounded.
You constrict the vault warden. The stone giant hits you!!!
* * * LOW HITPOINT WARNING * * *
You take 39 damage, and have 27/168 hp.
MASSIVE DAMAGE!!
Casting: Dazzling Spray (safe; 1% risk of failure)
Confirm with . or Enter, or press ? or * to list all spells.
Aiming: Dazzling Spray (safe; 1% risk of failure)
Press: ? - help, Shift-Dir - straight line, f/p - stone giant
Aim: a stone giant (heavily wounded)
You feel a surge of power!
The spray of energy hits the stone giant.
The stone giant is heavily wounded.
The spray of energy hits the vault warden.
The vault warden is almost dead.
You constrict the vault warden!
The vault warden activates a sealing rune.
A door slams shut!
The stone giant hits you!!
You die...

Skill      XL: |  1  2  3  4  5  6  7  8  9 10 11 12 13 14 15 16 17 18 19 |
---------------+----------------------------------------------------------+-----
Stealth        | 5 6 10 11 12 13 15 16 | 16.0
Hexes          | 4 5 9 10 11 12 13 14 16 | 16.0
Ice Magic      | 1 2 5 6 |  6.0
Short Blades   | 7 8 9 10 11 12 | 12.0
Spellcasting   | 3 4 6 |  6.0
Conjurations   | 4 7 |  7.0
Translocations | 3 5 |  5.0
Fighting       | 1 5 7 8 10 | 10.0
Dodging        | 2 6 |  6.0
Invocations    | 3 8 11 13 15 | 15.0
Shields        | 3 5 8 9 |  9.2
Summonings     | 5 7 |  7.0
Armour         | 5 |  5.0
Maces & Flails | 5 |  5.0

Action                   |  1- 3 |  4- 6 |  7- 9 | 10-12 | 13-15 | 16-18 | 19-21 || total
-------------------------+-------+-------+-------+-------+-------+-------+-------++-------
Melee: Dagger            |    28 |   164 |   176 |   316 |   836 |   347 |    53 ||  1920
       Constrict         |       |       |       |       |   130 |   145 |     9 ||   284
       Short sword       |       |       |       |       |       |   549 |    39 ||   588
Throw: Stone             |       |       |       |     1 |     1 |       |       ||     2
 Cast: Corona            |     3 |     1 |       |       |       |       |       ||     4
       Ensorcelled Hiber |     2 |    21 |    24 |   121 |   210 |   143 |       ||   521
       Confuse           |       |     7 |     7 |    49 |    81 |    38 |       ||   182
       Fulminant Prism   |       |       |       |    11 |    31 |    84 |     7 ||   133
       Blink             |       |       |       |     1 |     1 |     6 |       ||     8
       Dazzling Spray    |       |       |       |       |    34 |    63 |     5 ||   102
       Summon Mana Viper |       |       |       |       |       |    99 |    11 ||   110
Invok: Bend Time         |       |       |       |       |     1 |       |       ||     1
       Slouch            |       |       |       |       |     3 |     5 |     6 ||    14
       Step From Time    |       |       |       |       |       |     1 |     1 ||     2
 Abil: Spit Poison       |     7 |    17 |     7 |     8 |     4 |       |       ||    43
  Use: Potion            |       |     1 |       |       |     4 |     6 |     1 ||    12
       Scroll            |       |       |     9 |    16 |    12 |    15 |     5 ||    57
 Stab: Sleeping          |     5 |    24 |    24 |   120 |   156 |   104 |    10 ||   443
       Confused          |       |     1 |     4 |    35 |    43 |    22 |       ||   105
       Invisible         |       |       |       |       |    20 |    32 |       ||    52
       Distracted        |       |       |       |       |     3 |    10 |     2 ||    15
  Eat: Chunk             |       |     7 |     6 |    19 |    21 |    21 |     7 ||    81
       Ration            |       |     1 |     2 |     3 |     3 |    10 |       ||    19
Armor: Leather armour    |    15 |    73 |    20 |       |   218 |       |       ||   326
       Robe              |       |       |    72 |   204 |   247 |   439 |    25 ||   987
       Troll leather arm |       |       |       |       |    49 |       |       ||    49
Dodge: Dodged            |    12 |    97 |    51 |   119 |   398 |   239 |    18 ||   934
Block: Buckler           |       |       |       |       |    65 |    77 |       ||   142
       Large shield      |       |       |       |       |       |   794 |    61 ||   855
       Reflection        |       |       |       |       |       |    22 |    10 ||    32

Vault maps used:
D:1:      arrival_aquarium_b
D:2:      lemuel_coloured_pillars_altar, feat_on_display
D:3:      gup_sewer_entry_glass, xom_teletrap_fun, uniq_robin
D:4:      kennysheep_the_goblin_king, first_ration, uniq_menkaure, uniq_natasha,
          uniq_sigmund
D:5:      gammafunk_temple_overflow_elements,
          minmay_temple_entry_statues_pillars
D:6:      chequers_temple_overflow_statue_of_worship, uniq_grinder
D:7:      serial_co_window_serial, co_window_paths_a,
          co_window_of_opportunity_a, co_window_corner_a, co_window_corner_a,
          co_window_paths_a, co_window_unsneaky_path_d, co_window_2corner,
          co_window_broadway_c, co_window_paths_c, co_window_4corner_a,
          co_window_4corner_b, glass_columns_c, glass_columns_a,
          glass_columns_c, glass_columns_a, grunt_ogre_cave, uniq_joseph,
          uniq_duvessa, uniq_prince_ribbit1
D:8:      minmay_diamond_stairs, marbit_many_paths, serial_shops, shop
D:9:      dpeg_oklobed_lair, serial_shops, shop,
          nicolae_shop_temple_entry_statues_fountains, lemuel_blue_sif_altar,
          uniq_grum
D:11:     enter_trove_6, uniq_josephine
D:12:     basic_altar, minmay_misc_feat_room, uniq_snorg
D:13:     grunt_vaults_entry_tiered, serial_shops, nicolae_shop_statue_plus,
          st_stairs_10
D:14:     cheibrodos_elevator_heist, lemuel_doored_altar
D:15:     grunt_enter_depths_snipers, serial_shops, shop, shop,
          serial_co_window_serial, co_window_corner_a, co_window_corner_a,
          co_window_of_opportunity_a, co_window_paths_a,
          co_window_of_opportunity_a, co_window_of_opportunity_a,
          co_window_unsneaky_path_b, co_window_broadway_c,
          co_window_of_opportunity_b, co_window_2corner, co_window_broadway_a,
          co_window_unsneaky_path_a, co_window_4corner_b, glass_columns_b
Temple:   eino_temple_scatter_basement
Lair:1:   grunt_megastairs_3, serial_bayou_shore_b, serial_bayou_shore_a,
          minmay_lair_oklob_chamber, lemuel_fruit_tree
Lair:2:   enter_volcano_4, serial_bayou_pond_a, nicolae_lair_grove_arrangements
Lair:3:   swamp_mist_pool, dummy_snake_entry, kennysheep_snail_temple
Lair:4:   columned_hall_lemuel, kilobyte_rumbling_trees
Lair:5:   lemuel_reptile_caves, nicolae_slime_entry_slimehenge, st_stairs_13,
          beast_lair_carwin_8
Lair:6:   evilmike_catoblepas_cave, minivault_25
Swamp:1:  evilmike_swamp_ruin_house_3, uniq_nikola
Swamp:2:  evilmike_swamp_ruin_house_6
Swamp:3:  hangedman_swamp_pad
Swamp:4:  swamp, infiniplex_staircase_pool, uniq_louise
Snake:1:  serial_shops, shop_statue, guppyfry_snake_island
Snake:2:  grunt_ministairs_11
Snake:4:  minmay_snake_end_coiled, serial_shops,
          nicolae_shop_competitors_out_of_business
Orc:2:    st_orc_elflike, hangedman_minor_magic, uniq_nessos
Vaults:1: ebering_vaults_ghost_inner_flame, v_alt_pattern_3,
          nicolae_vaults_little_squares_4, nicolae_vaults_network_square,
          ontoclasm_vaults_loading_screen, vaults_room_hallway,
          nicolae_vaults_little_ls, vaults_room_fours
Vaults:2: grunt_vaults_hallway_short, vaults_room_semicircle, v_misc_32,
          nicolae_vaults_little_squares_3, nicolae_vaults_ninety_degrees,
          hangedman_vaults_stagger, v_pattern_3,
          nicolae_vaults_stairing_the_circle, vaults_dpeg_ring, v_misc_17,
          st_octagons_1, v_misc_10, vaults_dpeg_encased_lava,
          vaults_room_fancy_cross, ontoclasm_vaults_idyll, vaults_room_grid,
          basic_altar, uniq_mennas, uniq_frederick
Sewer:    sewer_the_crocodile

Notes
Turn   | Place    | Note
-------+----------+-------------------------------------------
     0 | D:1      | MrSplat the Naga Enchanter began the quest for the Orb.
     0 | D:1      | Reached XP level 1. HP: 15/15 MP: 3/3
     3 | D:1      | Noticed an electric eel
     8 | D:1      | Noticed an electric eel
   476 | D:1      | Reached XP level 2. HP: 21/22 MP: 5/5
   480 | D:1      | Learned a level 2 spell: Ensorcelled Hibernation
   909 | D:2      | Noticed a scorpion
  1135 | D:2      | Killed a scorpion
  1135 | D:2      | Reached skill level 5 in Stealth
  1135 | D:2      | Reached skill level 4 in Hexes
  1135 | D:2      | Reached skill level 1 in Ice Magic
  1135 | D:2      | Reached XP level 3. HP: 14/28 MP: 0/6
  1135 | D:2      | Reached XP level 4. HP: 18/36 MP: 0/7
  1441 | D:2      | Found a stormy altar of Qazlal.
  1845 | D:3      | Found a shimmering altar of Xom.
  1872 | D:3      | Found a glowing drain.
  1923 | D:3      | Learned a level 3 spell: Confuse
  2025 | Sewer    | Entered a sewer
  2230 | Sewer    | Noticed a crocodile
  2238 | Sewer    | Killed a crocodile
  2238 | Sewer    | Reached skill level 6 in Stealth
  2238 | Sewer    | Reached skill level 2 in Ice Magic
  2238 | Sewer    | Reached XP level 5. HP: 21/42 MP: 1/8
  2675 | D:3      | Reached skill level 5 in Hexes
  2990 | D:3      | Noticed Robin
  3007 | D:3      | Killed Robin
  3007 | D:3      | Reached XP level 6. HP: 40/49 MP: 6/9
  3379 | D:3      | Learned a level 3 spell: Tukima's Dance
  3399 | D:4      | Noticed Menkaure
  3402 | D:4      | Noticed Natasha
  3467 | D:3      | Killed Natasha
  3646 | D:3      | Noticed Natasha
  3661 | D:3      | Killed Natasha
  3752 | D:3      | Noticed Natasha
  3772 | D:3      | Killed Natasha
  3955 | D:4      | Noticed an ice beast
  3961 | D:4      | Identified a potion of experience
  3961 | D:4      | Reached skill level 7 in Short Blades
  3961 | D:4      | Reached skill level 10 in Stealth
  3961 | D:4      | Reached skill level 9 in Hexes
  3961 | D:4      | Reached skill level 5 in Ice Magic
  3961 | D:4      | Reached XP level 7. HP: 55/55 MP: 0/10
  4064 | D:4      | Killed Menkaure
  4064 | D:4      | Reached skill level 6 in Ice Magic
  4064 | D:4      | Reached XP level 8. HP: 54/62 MP: 4/11
  4182 | D:4      | Noticed Sigmund
  4201 | D:4      | Killed Sigmund
  4276 | D:4      | You fall through a shaft!
  4276 | D:5      | Entered Level 5 of the Dungeon
  4850 | D:5      | Found a staircase to the Ecumenical Temple.
  4859 | D:5      | Found the +8 frozen axe "Frostbite" {freezing cloud, *Noise +Fly rC+}
  4878 | Temple   | Entered the Ecumenical Temple
  5092 | D:5      | Found a burning altar of Makhleb.
  5092 | D:5      | Found a shadowy altar of Dithmenos.
  5896 | D:6      | Found a radiant altar of Vehumet.
  5897 | D:6      | Found a bloodstained altar of Trog.
  5910 | D:6      | Reached XP level 9. HP: 68/68 MP: 12/12
  6182 | D:6      | Noticed Grinder
  6188 | D:6      | Killed Grinder
  6188 | D:6      | Reached skill level 8 in Short Blades
  6207 | D:6      | Reached skill level 11 in Stealth
  6843 | D:7      | Noticed Prince Ribbit
  7178 | D:7      | Reached skill level 10 in Hexes
  7201 | D:7      | Killed Prince Ribbit
  7339 | D:7      | Noticed Joseph
  7345 | D:7      | Killed Joseph
  7351 | D:7      | Learned a level 3 spell: Dazzling Spray
  7410 | D:7      | Reached XP level 10. HP: 75/75 MP: 6/13
  7431 | D:7      | Noticed Dowan
  7490 | D:7      | Noticed Duvessa
  7563 | D:7      | Killed Duvessa
  7568 | D:7      | Killed Dowan
  8035 | D:7      | Reached skill level 9 in Short Blades
  8152 | D:8      | Noticed a cyclops
  8155 | D:8      | HP: 14/75 [cyclops/large rock (19)]
  8445 | D:8      | Killed a cyclops
  8561 | D:8      | Found Purait's General Store.
  8566 | D:8      | Reached skill level 12 in Stealth
  8568 | D:8      | Bought a scroll of blinking for 105 gold pieces
  8568 | D:8      | Bought a potion of heal wounds for 70 gold pieces
  8654 | D:8      | Found a snail-covered altar of Cheibriados.
  8665 | D:8      | Became a worshipper of Cheibriados the Contemplative
  8771 | D:8      | Noticed a brown ugly thing
  8773 | D:8      | Killed a brown ugly thing
  8790 | D:8      | Reached skill level 11 in Hexes
  8878 | D:9      | Noticed a manticore
  9251 | D:8      | Killed a manticore
  9604 | D:9      | Found a staircase to the Orcish Mines.
  9632 | D:9      | Found Josh's Magic Scroll Shoppe.
  9677 | D:9      | Reached * piety under Cheibriados
  9681 | D:9      | Learned a level 2 spell: Blink
  9685 | D:9      | Bought a scroll of identify for 32 gold pieces
  9685 | D:9      | Bought a scroll of identify for 32 gold pieces
  9685 | D:9      | Bought a scroll of identify for 32 gold pieces
  9685 | D:9      | Bought a scroll of identify for 32 gold pieces
  9685 | D:9      | Bought a scroll of identify for 32 gold pieces
  9685 | D:9      | Bought a scroll of identify for 32 gold pieces
  9718 | D:9      | Noticed Grum
  9724 | D:9      | Reached XP level 11. HP: 57/81 MP: 10/15
  9733 | D:9      | Killed Grum
 10005 | D:9      | Found a staircase to the Lair.
 10039 | D:9      | Found Muyllu's Weapon Shoppe.
 10298 | D:9      | Found a deep blue altar of Sif Muna.
 10525 | D:9      | Bought a scroll of fear for 56 gold pieces
 10609 | D:10     | Entered Level 10 of the Dungeon
 10773 | D:10     | Reached ** piety under Cheibriados
 10773 | D:10     | Reached skill level 3 in Spellcasting
 11031 | D:10     | Reached skill level 10 in Short Blades
 11041 | D:10     | Reached skill level 1 in Conjurations
 11049 | D:10     | HP: 20/81 [yak (2)]
 11341 | D:10     | Reached skill level 2 in Conjurations
 11996 | D:11     | Reached *** piety under Cheibriados
 12093 | D:11     | Reached skill level 3 in Conjurations
 12110 | D:11     | Reached skill level 1 in Translocations
 12252 | D:11     | Reached skill level 13 in Stealth
 12256 | D:11     | Reached skill level 2 in Translocations
 12262 | D:11     | Reached skill level 12 in Hexes
 12562 | D:11     | Reached **** piety under Cheibriados
 12598 | D:11     | Noticed Josephine
 12631 | D:11     | Reached skill level 3 in Translocations
 12862 | D:11     | Killed Josephine
 12862 | D:11     | Reached skill level 4 in Conjurations
 12928 | D:11     | Reached XP level 12. HP: 88/88 MP: 16/16
 13018 | D:11     | Found a portal to a secret trove of treasure.
 13246 | Lair:1   | Entered Level 1 of the Lair of Beasts
 13407 | Lair:1   | Reached skill level 5 in Conjurations
 13752 | Lair:1   | Reached skill level 4 in Translocations
 13876 | Lair:1   | Noticed a seven-headed hydra
 13883 | Lair:1   | Killed a seven-headed hydra
 13892 | Lair:1   | Reached ***** piety under Cheibriados
 14169 | Lair:1   | Learned a level 4 spell: Fulminant Prism
 14182 | Lair:1   | Reached skill level 6 in Conjurations
 14557 | Lair:2   | Reached skill level 13 in Hexes
 15591 | Lair:3   | Noticed a seven-headed hydra
 15606 | Lair:3   | Killed a seven-headed hydra
 15622 | Lair:3   | Reached skill level 5 in Translocations
 15640 | Lair:2   | Learned a level 1 spell: Apportation
 15764 | Lair:3   | Reached skill level 4 in Spellcasting
 15767 | Lair:3   | Noticed a five-headed hydra
 15783 | Lair:3   | Reached skill level 7 in Conjurations
 16013 | Lair:3   | Killed a five-headed hydra
 16013 | Lair:3   | Reached skill level 1 in Fighting
 16013 | Lair:3   | Reached skill level 2 in Dodging
 16150 | Lair:3   | Found a staircase to the Swamp.
 16365 | Lair:3   | Found a staircase to the Snake Pit.
 16497 | Lair:3   | Found a snail-covered altar of Cheibriados.
 16595 | Lair:3   | Gained mutation: You can use your snake-like lower body to constrict enemies. [Naga growth]
 16595 | Lair:3   | Reached XP level 13. HP: 87/99 MP: 19/19
 16762 | Lair:4   | Reached skill level 2 in Fighting
 17598 | Lair:4   | Reached skill level 3 in Fighting
 17598 | Lair:4   | Reached skill level 5 in Spellcasting
 17625 | Lair:4   | HP: 20/103 [death yak[a torpor snail] (19)]
 17627 | Lair:4   | HP: 7/103 [death yak[a torpor snail] (10)]
 17924 | Lair:4   | Reached skill level 14 in Hexes
 17969 | Lair:4   | Reached ****** piety under Cheibriados
 18449 | Lair:5   | Found a staircase to the Slime Pits.
 18674 | Lair:5   | Reached skill level 4 in Fighting
 19351 | Lair:5   | Reached skill level 6 in Spellcasting
 19351 | Lair:5   | Reached skill level 1 in Invocations
 19728 | Lair:5   | Reached skill level 2 in Invocations
 19975 | Lair:5   | Reached skill level 5 in Fighting
 20110 | Lair:5   | Reached skill level 3 in Invocations
 20153 | Lair:6   | Entered Level 6 of the Lair of Beasts
 20285 | Lair:6   | Reached XP level 14. HP: 94/117 MP: 11/23
 20377 | Lair:5   | Reached skill level 4 in Invocations
 20619 | Lair:6   | Reached skill level 15 in Hexes
 20736 | Lair:6   | Reached skill level 5 in Invocations
 21288 | Lair:6   | Reached skill level 6 in Fighting
 21842 | Lair:6   | Reached skill level 6 in Invocations
 22505 | Lair:6   | HP: 29/121 [death yak (8)]
 22902 | Lair:6   | Reached skill level 7 in Invocations
 23376 | Orc:1    | Entered Level 1 of the Orcish Mines
 23845 | D:12     | Found a shattered altar of Ashenzari.
 24171 | D:12     | Noticed Snorg
 24181 | D:12     | Killed Snorg
 24566 | D:13     | Reached skill level 8 in Invocations
 24827 | D:13     | Reached skill level 7 in Fighting
 25111 | D:13     | Reached skill level 16 in Hexes
 25290 | D:13     | Reached XP level 15. HP: 115/129 MP: 20/24
 25535 | D:13     | Found Qeofyam's Gadget Shop.
 25554 | D:13     | Reached skill level 9 in Invocations
 25854 | D:13     | Found a gate to the Vaults.
 26064 | D:14     | Reached skill level 1 in Shields
 26117 | D:14     | Reached skill level 14 in Stealth
 26245 | D:14     | Reached skill level 2 in Shields
 26597 | D:14     | Found an iron altar of Okawaru.
 26804 | D:14     | Reached skill level 8 in Fighting
 26804 | D:14     | Reached skill level 10 in Invocations
 26903 | D:15     | Entered Level 15 of the Dungeon
 27293 | D:15     | Found Cogarch's Jewellery Shoppe.
 27536 | D:15     | Reached skill level 3 in Shields
 27742 | D:15     | Found Ecruylich's General Store.
 27994 | D:15     | Found a staircase to the Depths.
 28700 | Orc:2    | Entered Level 2 of the Orcish Mines
 28700 | Orc:2    | Noticed Nessos
 28705 | Orc:2    | Killed Nessos
 28950 | Orc:1    | Reached skill level 11 in Invocations
 29454 | Orc:2    | Noticed an orc warlord
 29466 | Orc:2    | Killed an orc warlord
 29826 | Orc:2    | Found a staircase to the Elven Halls.
 29949 | Orc:2    | Reached skill level 15 in Stealth
 30101 | Orc:2    | Got a shimmering hat
 30112 | Orc:2    | Identified the +1 hat "Toz Irghu" {rElec rF+ Str+4 Stlth+} (You found it on level 2 of the Orcish Mines)
 30201 | Orc:2    | Reached XP level 16. HP: 87/142 MP: 10/25
 30217 | Orc:2    | Reached skill level 9 in Fighting
 31029 | Orc:2    | Found Mizuereh's Jewellery Emporium.
 31033 | Orc:2    | Found Mefop's Magic Scroll Boutique.
 31039 | Orc:2    | Found Eqei's Armour Boutique.
 31041 | Orc:2    | Found Mevaytz's Assorted Antiques.
 31047 | Orc:2    | Bought a +2 pair of gloves of strength for 301 gold pieces
 31049 | Orc:2    | Bought a paperback book for 285 gold pieces
 31049 | Orc:2    | Bought a scroll of teleportation for 57 gold pieces
 31049 | Orc:2    | Bought a papyrus book for 285 gold pieces
 31049 | Orc:2    | Bought a scroll of immolation for 66 gold pieces
 31197 | Orc:2    | Identified a +2 robe of the Archmagi (You took it off an orc sorcerer on level 2 of the Orcish Mines)
 31213 | Orc:2    | Learned a level 5 spell: Summon Mana Viper
 31306 | D:9      | Bought 3 scrolls of identify for 96 gold pieces
 31306 | D:9      | Bought a scroll of teleportation for 48 gold pieces
 31306 | D:9      | Bought 3 scrolls of immolation for 168 gold pieces
 31306 | D:9      | Bought a scroll of remove curse for 48 gold pieces
 31456 | D:15     | Bought the ring of Benevolence {rCorr rF+} for 374 gold pieces
 31756 | Snake:1  | Entered Level 1 of the Snake Pit
 31801 | Snake:1  | Reached skill level 12 in Invocations
 31807 | Snake:1  | Reached skill level 1 in Summonings
 32202 | Snake:1  | Reached skill level 2 in Summonings
 32763 | Snake:1  | Found Jehia's Antique Weapon Shoppe.
 33362 | Snake:1  | Reached skill level 3 in Summonings
 33970 | Snake:2  | Reached skill level 4 in Summonings
 34456 | Snake:2  | Reached skill level 16 in Stealth
 35178 | Snake:3  | Reached skill level 5 in Summonings
 35264 | Snake:3  | Reached skill level 13 in Invocations
 35625 | Snake:3  | Found the ring of the Octopus King
 35632 | Snake:3  | Got a ring of the Octopus King
 35634 | Snake:3  | Identified a ring of the Octopus King {rF+ AC+1 EV+1 Str+1 Int+1 Dex+1} (You found it on level 3 of the Snake Pit)
 36247 | Snake:4  | Entered Level 4 of the Snake Pit
 36250 | Snake:4  | Reached skill level 10 in Fighting
 36270 | Snake:4  | Found Wotebuf's Weapon Boutique.
 36280 | Snake:4  | Bought a throwing net for 45 gold pieces
 36517 | Snake:4  | HP: 36/146 [salamander (4)]
 36532 | Snake:4  | HP: 33/146 [naga mage/halberd (4)]
 36539 | Snake:4  | HP: 33/146 [poisoned by a naga mage (poison arrow)]
 36544 | Snake:4  | HP: 36/146 [poisoned by a naga mage (poison arrow)]
 36549 | Snake:4  | HP: 36/146 [poisoned by a naga mage (poison arrow)]
 37015 | Snake:4  | Reached XP level 17. HP: 132/153 MP: 12/27
 37246 | Snake:4  | Reached skill level 6 in Summonings
 37735 | Snake:4  | Reached skill level 4 in Shields
 37957 | Snake:4  | Reached skill level 7 in Summonings
 38134 | Snake:4  | Reached skill level 14 in Invocations
 38175 | Snake:4  | HP: 33/153 [nagaraja/poison arrow (20)]
 38185 | Snake:4  | HP: 33/153 [nagaraja/bolt of poison (10)]
 38190 | Snake:4  | HP: 19/153 [poisoned by a nagaraja (splash of poison)]
 38196 | Snake:4  | HP: 18/153 [poisoned by a nagaraja (splash of poison)]
 38201 | Snake:4  | HP: 17/153 [poisoned by a nagaraja (splash of poison)]
 38207 | Snake:4  | HP: 18/153 [poisoned by a nagaraja (splash of poison)]
 38216 | Snake:4  | HP: 19/153 [poisoned by a nagaraja (splash of poison)]
 38222 | Snake:4  | HP: 20/153 [poisoned by a nagaraja (splash of poison)]
 38228 | Snake:4  | HP: 21/153 [poisoned by a nagaraja (splash of poison)]
 38234 | Snake:4  | HP: 22/153 [poisoned by a nagaraja (splash of poison)]
 38678 | Snake:4  | Got a serpentine rune of Zot
 38923 | Swamp:1  | Entered Level 1 of the Swamp
 38933 | Swamp:1  | Reached skill level 11 in Short Blades
 39210 | Swamp:1  | Reached skill level 5 in Shields
 39545 | Swamp:1  | Noticed Nikola
 39563 | Swamp:1  | Killed Nikola
 39893 | Swamp:2  | Identified a scroll of acquirement
 40441 | Swamp:2  | HP: 31/153 [shambling mangrove (26)]
 41212 | Swamp:3  | Reached skill level 15 in Invocations
 41573 | Swamp:3  | Reached XP level 18. HP: 160/160 MP: 27/29
 41581 | Swamp:3  | Got a transparent hunting sling
 41625 | Swamp:3  | Reached skill level 12 in Short Blades
 41625 | Swamp:3  | Reached skill level 6 in Shields
 42255 | Swamp:4  | Entered Level 4 of the Swamp
 42362 | Swamp:4  | Reached skill level 1 in Armour
 42604 | Swamp:4  | Reached skill level 2 in Armour
 42604 | Swamp:4  | Reached skill level 3 in Dodging
 42655 | Swamp:4  | Reached skill level 7 in Shields
 43497 | Swamp:4  | Reached skill level 3 in Armour
 43761 | Swamp:4  | Reached skill level 4 in Dodging
 44131 | Swamp:4  | Noticed Louise
 44142 | Swamp:4  | Killed Louise
 44208 | Swamp:4  | Got a decaying rune of Zot
 44390 | Swamp:4  | Reached skill level 4 in Armour
 45084 | Vaults:1 | Entered Level 1 of the Vaults
 45175 | Vaults:1 | Found a runed door.
 45182 | Vaults:1 | Noticed Dadweuku's ghost (adept DsMo)
 45243 | Vaults:1 | HP: 30/160 [deep troll[an ironheart preserver] (15)]
 45291 | Vaults:1 | HP: 38/160 [fire dragon/blast of flame (3)]
 45298 | Vaults:1 | Reached skill level 5 in Dodging
 45298 | Vaults:1 | Reached skill level 8 in Shields
 45303 | Vaults:1 | HP: 33/160 [yaktaur captain/bolt (20)]
 45317 | Vaults:1 | HP: 40/160 [yaktaur captain/bolt (16)]
 45983 | Vaults:1 | Reached skill level 5 in Armour
 45993 | Vaults:1 | HP: 32/160 [vault warden/great sword of slicing (16)]
 45998 | Vaults:1 | HP: 10/160 [yaktaur/bolt[a vault warden] (23)]
 46450 | Vaults:1 | Reached skill level 6 in Dodging
 46659 | Vaults:1 | Reached XP level 19. HP: 159/168 MP: 19/30
 46661 | Vaults:1 | Reached skill level 1 in Maces & Flails
 46916 | Vaults:1 | Reached skill level 2 in Maces & Flails
 47075 | Vaults:1 | Reached skill level 3 in Maces & Flails
 47945 | Vaults:1 | Killed Dadweuku's ghost
 47945 | Vaults:1 | Reached skill level 4 in Maces & Flails
 47945 | Vaults:1 | Reached skill level 9 in Shields
 48560 | Vaults:2 | Reached skill level 5 in Maces & Flails
 48596 | Vaults:2 | HP: 27/168 [stone giant (39)]
 48597 | Vaults:2 | Mangled by a stone giant

Vanquished Creatures
  The ghost of Dadweuku the Peltast, an adept DsMo of Okawaru (Vaults:1)
  A thorn hunter (Swamp:4)
  6 nagarajas (Snake:4)
  An orc warlord (Orc:2)
  2 vault wardens (Vaults:1)
  Louise (Swamp:4)
  4 ironheart preservers (Vaults:1)
  Nessos (Orc:2)
  Snorg (D:12)
  An ettin (Vaults:2)
  Josephine (D:11)
  4 vault guards
  4 yaktaur captains
  2 ghost crabs (Swamp:4)
  An ice dragon (Vaults:1)
  12 naga warriors
  24 hydras
  3 centaur warriors
  3 catoblepae (Lair:6)
  7 two-headed ogres
  16 alligators
  6 anacondas
  2 ogre magi
  9 death yaks
  2 death knights
  A tengu warrior (D:14)
  A queen ant (shapeshifter) (D:15)
  2 deep troll earth magi (Vaults:1)
  4 shock serpents
  3 orc high priests (Orc:2)
  3 naga sharpshooters
  11 spriggans
  6 sea snakes (Snake:2)
  2 deep trolls (Vaults:1)
  4 spriggan druids
  2 wizards (D:13)
  3 unseen horrors
  6 orc knights
  2 deep elf archers (Vaults:1)
  A naga ritualist (Snake:4)
  2 deep elf magi (Orc:2)
  2 shambling mangroves
  11 swamp dragons
  An ironbrand convoker (Vaults:2)
  17 ugly things
  5 mana vipers
  6 orc sorcerers
  4 oklob plants (Lair:1)
  An elephant (Lair:5)
  3 manticores
  4 cyclopes
  5 salamanders
  28 black mambas
  Joseph (D:7)
  16 spiny frogs
  2 guardian serpents (Snake:4)
  13 naga magi
  A gargoyle (D:14)
  4 torpor snails
  2 freezing wraiths
  7 yaktaurs
  An efreet (D:14)
  3 tengu conjurers
  5 komodo dragons
  13 hornets
  9 trolls
  3 polar bears
  12 tyrant leeches
  Grinder (D:6)
  5 bog bodies
  16 hippogriffs
  19 slime creatures
  Prince Ribbit (D:7)
  26 blink frogs
  4 dream sheep (Lair:4)
  Sigmund (D:4)
  3 shadows
  8 wraiths
  53 yaks
  7 wyverns
  Grum (D:9)
  2 basilisks
  20 humans (D:13)
  2 hungry ghosts
  18 vampire mosquitoes
  Menkaure (D:4)
  13 swamp worms
  6 insubstantial wisps (Swamp:1)
  A soldier ant (D:14)
  An acid dragon (D:15)
  3 wargs
  Duvessa (D:7)
  45 nagas
  27 water moccasins
  15 swamp drakes
  5 porcupines
  A black bear (Lair:4)
  8 ice beasts
  15 orc warriors
  6 sky beasts
  8 ogres
  A phantom (D:7)
  9 boggarts
  15 wolves
  8 centaurs
  10 crocodiles
  15 bullfrogs
  2 big kobolds
  Dowan (D:7)
  4 scorpions
  3 killer bees (D:9)
  6 wights
  8 electric eels
  7 crimson imps
  2 quasits
  2 bullfrog zombies (D:12)
  5 hounds
  7 centaur zombies
  7 jellies
  21 orc wizards
  3 bullfrog skeletons
  4 centaur skeletons
  An iron imp (Orc:2)
  11 orc priests
  5 iguanas
  Natasha (thrice) (D:3)
  13 worker ants
  A worker ant zombie (D:7)
  Robin (D:3)
  A howler monkey skeleton (D:6)
  32 adders
  4 shadow imps
  2 oozes (Lair:5)
  2 adder zombies
  An adder skeleton (D:9)
  A worm (D:2)
  2 dart slugs
  6 leopard geckos
  45 orcs
  5 giant cockroaches
  17 goblins
  7 hobgoblins
  15 jackals
  3 quokkas
  6 bats
  4 frilled lizards
  18 kobolds
  A rat (D:2)
  A fulminant prism (Orc:2)
  3 fungi
  4 plants
1045 creatures vanquished.

Vanquished Creatures (collateral kills)
  A nagaraja (Snake:4)
  2 fire dragons
  An ogre mage (Vaults:1)
  A two-headed ogre (Vaults:1)
  2 naga warriors (Snake:4)
  A naga sharpshooter (Snake:4)
  2 shock serpents
  2 slime creatures (Vaults:1)
  A salamander mystic (Snake:4)
  A shadow wraith (Vaults:1)
  A naga ritualist (Snake:4)
  A deep elf archer (Vaults:1)
  4 deep trolls (Vaults:1)
  An ironbrand convoker (Vaults:1)
  A mana viper (Snake:1)
  2 deep elf magi (Vaults:1)
  4 ugly things (Vaults:1)
  A cyclops (Vaults:1)
  2 salamanders
  7 naga magi
  A guardian serpent (Snake:2)
  2 black mambas
  2 vault sentinels (Vaults:1)
  An eye of devastation (shapeshifter) (Vaults:1)
  3 yaktaurs (Vaults:1)
  A bog body (Swamp:1)
  17 nagas
  A swamp drake (Swamp:1)
  An electric eel (Snake:2)
67 creatures vanquished.

Vanquished Creatures (others)
  Nikola (Swamp:1)
  A yaktaur captain (Vaults:1)
  A two-headed ogre (Vaults:1)
  A swamp dragon (Swamp:1)
  5 yaktaurs (Vaults:1)
  A blink frog (Swamp:4)
  A swamp drake (Swamp:1)
  A white imp (Orc:2)
  132 fulminant prisms
  9 fungi
  7 plants
160 creatures vanquished.

Grand Total: 1272 creatures vanquished

Table legend:
 A = Turns spent in this place as a percentage of turns spent in the entire game.
 B = Non-inter-level travel turns spent in this place as a percentage of non-inter-level travel turns spent in the entire game.
 C = Inter-level travel turns spent in this place as a percentage of turns spent in this place.
 D = Turns resting spent in this place as a percentage of non-inter-level travel turns spent in this place.
 E = Turns spent auto-exploring this place as a percentage of non-inter-level travel turns spent in this place.
 F = Non-inter-level travel turns spent in this place divided by the number of levels of this place that you've seen.
                   A       B       C       D       E      F
               +-------+-------+-------+-------+-------+----------------------
         Total | 100.0 | 100.0 |   7.4 |  35.4 |  43.2 | 1285.9
       Dungeon |  38.3 |  36.7 |  11.3 |  23.5 |  52.6 | 1099.9
        Temple |   0.4 |   0.3 |  10.9 |   0.0 |  99.4 | 155.0
          Lair |  21.2 |  21.4 |   6.8 |  37.0 |  42.5 | 1602.5
         Swamp |  12.1 |  12.7 |   2.2 |  45.7 |  32.3 | 1432.8
     Snake Pit |  14.7 |  14.9 |   5.6 |  41.0 |  41.1 | 1680.8
  Orcish Mines |   5.7 |   5.8 |   5.6 |  39.0 |  38.0 | 1303.5
        Vaults |   6.9 |   7.2 |   2.2 |  56.4 |  24.8 | 1630.0
         Sewer |   0.9 |   0.9 |   0.0 |  62.4 |  20.8 | 418.0
               +-------+-------+-------+-------+-------+----------------------

Table legend:
 A = Non-vault XP
 B = Vault XP
 C = Vault XP percentage of total XP
 D = Non-vault monster count
 E = Vault monster count
 F = Vault count percentage of total count
 G = Total turns spent on level
                 A         B        C        D         E       F
            +---------+---------+-------+---------+---------+-------
      Total |  225470 |  111251 |  33.0 |     810 |     304 |  27.3
            +---------+---------+-------+---------+---------+-------
        D:1 |      19 |       0 |   0.0 |      12 |       0 |   0.0
        D:2 |      96 |       0 |   0.0 |      11 |       0 |   0.0
        D:3 |     148 |      65 |  30.5 |      28 |      11 |  28.2
        D:4 |     397 |     416 |  51.2 |      11 |       9 |  45.0
        D:5 |     429 |       0 |   0.0 |      10 |       0 |   0.0
        D:6 |     555 |     277 |  33.3 |      12 |       1 |   7.7
        D:7 |    1468 |    1099 |  42.8 |      23 |       5 |  17.9
        D:8 |    1695 |    1084 |  39.0 |      15 |       6 |  28.6
        D:9 |    1576 |     586 |  27.1 |      21 |       5 |  19.2
       D:10 |    2351 |       0 |   0.0 |      26 |       0 |   0.0
       D:11 |    4104 |    1874 |  31.3 |      35 |       5 |  12.5
       D:12 |    5062 |    1117 |  18.1 |      29 |       1 |   3.3
       D:13 |    9611 |    8111 |  45.8 |      33 |      29 |  46.8
       D:14 |    7716 |       0 |   0.0 |      28 |       0 |   0.0
       D:15 |    9701 |    2285 |  19.1 |      25 |       3 |  10.7
     Lair:1 |    4580 |    2786 |  37.8 |      18 |       8 |  30.8
     Lair:2 |    1362 |       0 |   0.0 |       6 |       0 |   0.0
     Lair:3 |    4119 |    1305 |  24.1 |      15 |       3 |  16.7
     Lair:4 |    7328 |     839 |  10.3 |      26 |       7 |  21.2
     Lair:5 |    7166 |    5562 |  43.7 |      31 |      45 |  59.2
     Lair:6 |    8747 |   12284 |  58.4 |      34 |      23 |  40.4
    Swamp:1 |   12692 |    2648 |  17.3 |      40 |       1 |   2.4
    Swamp:2 |    7384 |       0 |   0.0 |      22 |       0 |   0.0
    Swamp:3 |   14499 |       0 |   0.0 |      28 |       0 |   0.0
    Swamp:4 |   19781 |   19875 |  50.1 |      49 |      29 |  37.2
    Snake:1 |   14413 |     968 |   6.3 |      36 |       2 |   5.3
    Snake:2 |   15726 |     634 |   3.9 |      39 |       2 |   4.9
    Snake:3 |    7997 |       0 |   0.0 |      13 |       0 |   0.0
    Snake:4 |   14666 |   21089 |  59.0 |      39 |      42 |  51.9
      Orc:1 |    2333 |       0 |   0.0 |      14 |       0 |   0.0
      Orc:2 |    4117 |   11326 |  73.3 |      18 |      42 |  70.0
   Vaults:1 |   33356 |    7957 |  19.3 |      62 |       9 |  12.7
   Vaults:2 |     276 |    6947 |  96.2 |       1 |      10 |  90.9
      Sewer |       0 |     117 | 100.0 |       0 |       6 | 100.0
            +---------+---------+-------+---------+---------+-------
